 Dungeon Crawl Stone Soup version 0.31.0-11-ge490571c62 (webtiles) character file.

Game seed: 3529750874675441792

259 qw the Skirmisher (level 5, 0/29 HPs)
             Began as a Deep Elf Hunter on Feb 3, 2024.
             Slain by a gnoll
             ... wielding a +0 halberd
              (8 damage)
             ... on level 3 of the Dungeon.
             The game lasted 00:00:24 (1060 turns).

qw the Skirmisher (Deep Elf Hunter)                 Turns: 1060, Time: 00:00:25

Health: 0/29       AC:  6    Str: 10    XL:     5   Next: 95%
Magic:  7/7        EV: 11    Int: 14    God:
Gold:   158        SH:  0    Dex: 18    Spells: 4/4 levels left

rFire   . . .        a - +0 shortbow
rCold   . . .        (shield currently unavailable)
rNeg    . . .        e - +1 ring mail
rPois   .            (no helmet)
rElec   .            (no cloak)
rCorr   .            (no gloves)
SInv    .            (no boots)
Will    .....        (no amulet)
Stlth   +            (no ring)
HPRegen 0.24/turn    (no ring)
MPRegen 0.10/turn

%: no passive effects
@: no status effects
A: no striking features
a: no special abilities


You were on level 3 of the Dungeon.
You visited 1 branch of the dungeon, and saw 3 of its levels.

You collected 158 gold pieces.


   Skills:
 + Level 1.5 Fighting
 - Level 9.5 Ranged Weapons
 - Level 2.4 Dodging
 - Level 1.2 Stealth


You had 4 spell levels left.
You didn't know any spells.
Your spell library was empty.

Inventory:

Hand Weapons
 a - a +0 shortbow (weapon)
Armour
 e - a +1 ring mail (worn)
Scrolls
 c - 2 scrolls of identify
 h - a scroll of fear {unknown}
Potions
 d - a potion of heal wounds {unknown}
 g - a potion of haste {unknown}

Dungeon Overview and Level Annotations

Branches:
Dungeon (3/15)

Altars:
Zin


Message History

You shoot an arrow. The arrow closely misses Sigmund.
Sigmund hits you from afar with a +0 scythe.
You shoot an arrow. The arrow hits Sigmund!
Sigmund is heavily wounded.
Sigmund hits you from afar with a +0 scythe.
You shoot an arrow. The arrow hits Sigmund.
Sigmund is severely wounded.
Sigmund laughs darkly.
Sigmund points at you and mumbles some strange words.
The puff of flame hits you.
You shoot an arrow. The arrow hits Sigmund.
Sigmund is severely wounded.
Sigmund hits you from afar with a +0 scythe.
You shoot an arrow. The arrow closely misses Sigmund.
You shoot an arrow. The arrow closely misses Sigmund.
Sigmund hits you but does no damage.
You shoot an arrow. The arrow hits Sigmund.
Sigmund is almost dead.
Sigmund hits you but does no damage.
You shoot an arrow. The arrow hits Sigmund.
Sigmund is almost dead.
Sigmund casts a spell at you. The puff of flame hits you!
1057 ||| READING scroll of teleportation.
As you read the scroll of teleportation, it crumbles to dust.
You feel strangely unstable.
Sigmund screams, "Die, monster!"
Sigmund barely misses you.
You shoot an arrow. The arrow hits Sigmund!
You kill Sigmund!
Your Ranged Weapons skill gained 2 levels and is now at level 9!
You have reached level 5!
You start resting.
Your surroundings suddenly seem different. 3 gnolls come into view.
A gnoll is wielding a +0 club and quivering a throwing net.
Found a club.
The gnoll shouts! x2
The gnoll hits you from afar with a +0 halberd!
You die...

.............# ............)#
.............# .............# ###
.............# #..
......g.g....#########.#
.......................#
.......@.....######....#
.......g.....# #....#
......................# #....#
......................# ####....#
......................###.......#
......................##..##.##.#
......................##..#...#.#
..%...................##...._....
......................##..#...#.#


You could see 3 gnolls.

Vanquished Creatures
  Sigmund (D:3)
  Jessica (D:2)
  2 adders (D:2)
  A ribbon worm (D:3)
  6 ball pythons
  2 endoplasms (D:1)
  3 giant cockroaches (D:1)
  4 goblins
  4 hobgoblins
  2 jackals (D:1)
  8 kobolds
  2 quokkas (D:1)
  2 bats (D:2)
  A frilled lizard (D:2)
  5 rats
44 creatures vanquished.

Notes
Turn   | Place    | Note
-------+----------+-------------------------------------------
     0 | D:1      | qw the Deep Elf Hunter began the quest for the Orb.
     0 | D:1      | Reached XP level 1. HP: 12/12 MP: 3/3
     0 | D:1      | 0 ||| qw: Version: 0.3-a-155-g5e7d8dd
     0 | D:1      | 0 ||| qw: Game counter: 3425
     0 | D:1      | 0 ||| qw: Melee chars always use a shield: true
     0 | D:1      | 0 ||| qw: God list: Okawaru
     0 | D:1      | 0 ||| qw: Allow faded altars: false
     0 | D:1      | 0 ||| qw: Do Orc after clearing Dungeon:15 true
     0 | D:1      | 0 ||| qw: Do second Lair branch before Depths: true
     0 | D:1      | 0 ||| qw: Lair rune preference: random
     0 | D:1      | 0 ||| qw: Goals: Normal
     0 | D:1      | 0 ||| PLANNING D:1-11
   102 | D:1      | Reached skill level 6 in Ranged Weapons
   102 | D:1      | Reached XP level 2. HP: 16/16 MP: 4/4
   213 | D:1      | Reached XP level 3. HP: 20/20 MP: 5/5
   466 | D:1      | 466 ||| UPGRADING to +0 ring mail.
   476 | D:1      | 476 ||| DROPPING +0 leather armour.
   477 | D:1      | 477 ||| READING scroll labelled GONEIX FIOCWY.
   482 | D:1      | 482 ||| READING scroll labelled BUIXUFYDIAM.
   482 | D:1      | 482 ||| IDENTIFYING fuming clear potion
   483 | D:1      | 483 ||| DROPPING scroll of butterflies.
   561 | D:2      | Noticed Jessica
   563 | D:2      | Reached skill level 7 in Ranged Weapons
   565 | D:2      | Killed Jessica
   566 | D:2      | Reached XP level 4. HP: 25/25 MP: 6/6
   715 | D:2      | Found a glowing silver altar of Zin.
   875 | D:2      | 875 ||| READING scroll labelled QOCSUN VUL GED.
   875 | D:2      | 875 ||| ENCHANTING +0 ring mail.
  1012 | D:3      | Found a faded altar of an unknown god.
  1043 | D:3      | Noticed Sigmund
  1046 | D:3      | 1046 ||| DRINKING potion of curing.
  1046 | D:3      | 1046 ||| (to cure confusion)
  1056 | D:3      | HP: 6/25 [Sigmund/puff of flame (8)]
  1057 | D:3      | 1057 ||| READING scroll of teleportation.
  1058 | D:3      | Killed Sigmund
  1059 | D:3      | Reached skill level 9 in Ranged Weapons
  1059 | D:3      | Reached XP level 5. HP: 8/29 MP: 7/7
  1060 | D:3      | Slain by a gnoll

Levels and vault maps discovered:
D:1:      minmay_arrival_solitary_statue, layout_rooms, dreamdust_wishing_well,
          minmay_surrounded
D:2:      layout_rooms, basic_altar, uniq_jessica
D:3:      layout_basic, serial_shops, shop, ebering_ecumenical_altar_box,
          uniq_sigmund, uniq_grinder

Skill      XL: |  1  2  3  4 |
---------------+-------------+-----
Ranged Weapons | 6 7 9 |  9.5
Fighting       | |  1.5
Dodging        | |  2.4
Stealth        | |  1.2

Action                     |  1- 3 |  4- 6 || total
---------------------------+-------+-------++-------
   Fire: Shortbow          |    75 |    44 ||   119
    Use: Scroll            |     2 |     2 ||     4
         Potion            |       |     1 ||     1
 Armour: Leather armour    |     3 |       ||     3
         Ring mail         |       |    14 ||    14
  Dodge: Dodged            |     9 |    10 ||    19

Table legend:
 A = Non-vault XP
 B = Vault XP
 C = Vault XP percentage of total XP
 D = Non-vault monster count
 E = Vault monster count
 F = Vault count percentage of total count
                 A         B        C        D         E       F
            +---------+---------+-------+---------+---------+-------
      Total |      88 |     283 |  76.3 |      38 |       6 |  13.6
            +---------+---------+-------+---------+---------+-------
        D:1 |      39 |       7 |  15.2 |      22 |       4 |  15.4
        D:2 |      42 |      37 |  46.8 |      13 |       1 |   7.1
        D:3 |       7 |     239 |  97.2 |       3 |       1 |  25.0
            +---------+---------+-------+---------+---------+-------
